 Seeded DCSS version 0.30-a0-371-gad7725a93e (webtiles) character file.

Game seed: 11984096714474768227 (custom seed)

4 purpskrrrp the Sneak (level 1, -1/12 HPs)
             Began as a Vampire Brigand on Nov 23, 2022.
             Slain by a kobold
             ... wielding a +0 dagger
              (3 damage)
             ... on level 1 of the Dungeon.
             The game lasted 00:00:45 (108 turns).

purpskrrrp the Sneak (Vampire Brigand)               Turns: 108, Time: 00:00:46

Health: -1/12      AC:  3    Str: 10    XL:     1   Next: 50%
Magic:  1/1        EV: 12    Int: 13    God:
Gold:   3          SH:  0    Dex: 15    Spells: 0/0 levels left

rFire   . . .      SeeInvis +    a - +2 dagger
rCold   + + .      Faith    .    (no shield)
rNeg    + + +      Spirit   .    b - +0 robe
rPois   ∞          Reflect  .    (no helmet)
rElec   .          Harm     .    c - +0 cloak
rCorr   .          Rampage  .    (no gloves)
Will    .....                    (no boots)
Stlth   +++++.....               (no amulet)
HPRegen 0.00/turn                (no ring)
MPRegen 0.07/turn                (no ring)

@: bloodless, inhibited regen
A: bloodless, fangs 3, see invisible, vampiric 1
a: Revivify


You were on level 1 of the Dungeon.
You visited 1 branch of the dungeon, and saw 1 of its levels.

You collected 3 gold pieces.

Inventory:

Hand Weapons
 a - a +2 dagger (weapon)
Missiles
 d - 9 poisoned darts
 e - 3 curare-tipped darts
Armour
 b - a +0 robe (worn)
 c - a +0 cloak (worn)
Scrolls
 f - a scroll of noise {unknown}


   Skills:
 + Level 1.8 Fighting
 + Level 2.2 Short Blades
 - Level 1.5 Throwing
 + Level 1.2 Dodging
 * Level 6.0 Stealth


You couldn't memorise any spells.
You didn't know any spells.
Your spell library was empty.

Dungeon Overview and Level Annotations

Branches:
Dungeon (1/15)

Altars:


Innate Abilities, Weirdness & Mutations

You do not regenerate when monsters are visible.
You are frail without blood (-20% HP).
You can heal yourself when you bite living creatures.
You are immune to poison.
You have razor-sharp teeth.
You have supernaturally acute eyesight. (SInv)
You are afflicted with vampirism.


Message History

You are too injured to fight recklessly!
You are too injured to fight recklessly!
You are too injured to fight recklessly!
You are too injured to fight recklessly!
You are too injured to fight recklessly!
You are too injured to fight recklessly!
You are too injured to fight recklessly!
You are too injured to fight recklessly!
You are too injured to fight recklessly!
You are too injured to fight recklessly!
You are too injured to fight recklessly!
You are too injured to fight recklessly!
You are too injured to fight recklessly!
You are too injured to fight recklessly!
The frilled lizard hisses angrily.
You hit the kobold but do no damage. The kobold closely misses you.
Okay, then.
You aren't carrying any potions.
Okay, then.
You hit the kobold. You bite the kobold, but do no damage.
The kobold is heavily wounded.
You closely miss the kobold.
The kobold is heavily wounded.
The kobold hits you but does no damage.
You barely miss the kobold.
The kobold is heavily wounded.
The kobold hits you with a +0 dagger.
You closely miss the kobold.
The kobold is heavily wounded.
The kobold closely misses you.
You hit the kobold but do no damage.
The kobold is heavily wounded.
The frilled lizard bites you. The kobold hits you with a +0 dagger.
* * * LOW HITPOINT WARNING * * *
You closely miss the kobold.
The kobold is heavily wounded.
The frilled lizard barely misses you. The kobold hits you with a +0 dagger.
* * * LOW HITPOINT WARNING * * *
The kobold attacks as you move away! The kobold hits you with a +0 dagger.
You die...

......# #.# #.#
....### #.# #.# ....#
#.# #.# ....#####.#
#.# ...(...##.#
##|###### .......##.#
#.......#
.......##.###.!.†...#
#................)..#
#.........##..).@...#
#....... #....Kl..#
........ ...........#
#....(....###.......#
......... +.>.....#
######## #.......#
.......# #........
.###.#.# ....#.....
.###.#.# .....#......


You could see a kobold and a frilled lizard.

Vanquished Creatures
  An endoplasm (D:1)
  A frilled lizard (D:1)
  2 kobolds (D:1)
  A rat (D:1)
5 creatures vanquished.

Notes
Turn   | Place    | Note
-------+----------+-------------------------------------------
     0 | D:1      | purpskrrrp the Vampire Brigand began the quest for the Orb.
     0 | D:1      | Reached XP level 1. HP: 16/16 MP: 1/1
    94 | D:1      | Reached skill level 6 in Stealth
   108 | D:1      | Slain by a kobold

Illustrated notes

Levels and vault maps discovered:
D:1:      dpeg_arrival_brainrot, layout_basic, shapermc_ecumenical_altar_ellora,
          chequers_serial_rivers_large_a

Skill      XL: |  1 |
---------------+----+-----
Stealth        | 6 |  6.0
Fighting       | |  1.8
Short Blades   | |  2.2
Throwing       | |  1.5
Dodging        | |  1.2

Action                   || total
-------------------------++-------
Melee: Dagger            ||    15
       Bite              ||     1
 Abil: Exsanguinate      ||     1
 Stab: Sleeping          ||     3
Armor: Robe              ||     2
Dodge: Dodged            ||     5

Table legend: (Time is in decaauts)
 A = Elapsed time spent in this place.
 B = Non-inter-level travel time spent in this place.
 C = Inter-level travel time spent in this place.
 D = Time resting spent in this place.
 E = Time spent auto-exploring this place.
 F = Levels seen in this place.
 G = Mean time per level.
                   A        B        C        D        E       F      G
               +--------+--------+--------+--------+--------+-----+--------+
         Total |    106 |    106 |      0 |      0 |     66 |   1 |  106.0 |
       Dungeon |    106 |    106 |      0 |      0 |     66 |   1 |  106.0 |
               +--------+--------+--------+--------+--------+-----+--------+

Top non-repeatable levels by time:
     D:1: 106 daAuts
